 Dungeon Crawl Stone Soup version 0.22.1-2-g9c5b331 (webtiles) character file.

2508 MalarOregon the Ducker (level 9, -1/68 HPs)
             Began as a Merfolk Ice Elementalist on Nov 28, 2018.
             Slain by a black bear (3 damage)
             ... in the Ecumenical Temple.
             The game lasted 00:18:06 (7237 turns).

MalarOregon the Ducker (Merfolk Ice Elementalist)   Turns: 7237, Time: 00:18:08

Health: -1/68      AC:  6    Str:  8    XL:     9   Next: 53%
Magic:  13/15      EV: 31    Int: 18    God:
Gold:   294        SH:  0    Dex: 14    Spells: 6/16 levels left

rFire    . . .     SeeInvis .   o - +2 dagger (elec)
rCold    . . .     Gourm    .   (no shield)
rNeg     . . .     Faith    .   f - +2 leather armour
rPois    +         Spirit   .   g - +0 helmet
rElec    .         Reflect  .   (no cloak)
rCorr    .         Harm     .   (no gloves)
MR       .....                  (no boots)
Stlth    ++........             c - amulet of the acrobat
HPRegen  0.21/turn              (no ring)
MPRegen  0.14/turn              h - ring of poison resistance

@: no status effects
A: change form in water, swift swim, stealthy swim
a: no special abilities


You were in the Ecumenical Temple.
You were hungry.

You visited 2 branches of the dungeon, and saw 7 of its levels.

You collected 294 gold pieces.

Inventory:

Hand Weapons
 k - a +0 spear
   (You found it on level 3 of the Dungeon)
 n - a +0 trident
   (You took it off an orc on level 3 of the Dungeon)
 o - a +2 dagger of electrocution (weapon)
   (You took it off a big kobold on level 4 of the Dungeon)
Missiles
 u - a throwing net (quivered) {!f}
Armour
 f - a +2 leather armour (worn)
   (You found it on level 1 of the Dungeon)
 g - a +0 helmet (worn)
   (You took it off Robin on level 2 of the Dungeon)
 j - the +5 ring mail of Heuxam {MR+, unknown}
   (You found it on level 6 of the Dungeon)

   It affects your resistance to hostile enchantments.
Jewellery
 b - an uncursed ring of fire
   (You found it on level 5 of the Dungeon)
 c - an amulet of the acrobat (around neck)
   (You found it on level 2 of the Dungeon)
 h - a ring of poison resistance (right hand)
   (You took it off an orc on level 4 of the Dungeon)
Wands
 t - a wand of flame (5)
   (You took it off Ijyb on level 4 of the Dungeon)
Scrolls
 d - 2 scrolls of enchant weapon
 i - 2 scrolls of fear
 v - a scroll of remove curse {@r2}
 w - 3 scrolls of magic mapping
Potions
 a - a potion of curing {unknown}
 l - a potion of might {unknown}
 q - 2 potions of brilliance
 r - a potion of magic {unknown}
Comestibles
 e - 11 rations {!d}
 m - 2 chunks of flesh


   Skills:
 + Level 5.6 Fighting
 + Level 6.9 Polearms
 + Level 3.8 Armour
 + Level 7.5 Dodging
 - Level 2.1 Stealth
 - Level 4.1 Spellcasting
 - Level 4.2 Conjurations
 - Level 4.0 Ice Magic


You had 6 spell levels left.
You knew the following spells:

 Your Spells              Type           Power        Failure   Level  Hunger
a - Freeze                Ice            ###.         4%          1    None
b - Ozocubu's Armour      Chrm/Ice       ##......     26%         3    ###....
c - Throw Icicle          Conj/Ice       ###.....     36%         4    ####...
x - Throw Frost           Conj/Ice       ###...       6%          2    ##.....

Your spell library contained the following spells:

 Spells                   Type           Power        Failure   Level  Hunger
 Summon Ice Beast         Ice/Summ       ##......     65%         4    ####...


Dungeon Overview and Level Annotations

Branches:
Dungeon (6/15)             Temple (1/1) D:6

Altars:
Ashenzari
Elyvilon
Fedhas
Kikubaaqudgha
Okawaru
Sif Muna
Xom
Yredelemnul

Annotations:
D:6 Prince Ribbit


Message History

The orc wizard hits you but does no damage.
Aim: an orc wizard, wielding a dagger of venom and wearing a robe (almost dead)
You freeze the orc wizard.
You kill the orc wizard!
The leopard gecko hisses angrily.
You hear a shout!
The orc wizard hits you with a dagger.
A crimson imp comes into view.
The orc wizard hits you but does no damage.
Prince Ribbit hits you!
* * * LOW HITPOINT WARNING * * *
The crimson imp blinks!
The crimson imp moves out of view.
As you read the scroll of teleportation {@r4}, it crumbles to dust.
You feel strangely unstable. The orc wizard casts a spell at you.
The magic dart hits you!
* * * LOW HITPOINT WARNING * * *
Prince Ribbit hits you!!
* * * LOW HITPOINT WARNING * * *
The orc wizard hits you but does no damage.
Prince Ribbit closely misses you.
Okay, then.
The crimson imp completely misses you.
The crimson imp blinks!
The orc wizard misses you. Prince Ribbit completely misses you.
The crimson imp completely misses you. The orc wizard completely misses you.
Your surroundings suddenly seem different.
Found 12 stones.
A black bear comes into view.
Unknown command.
The black bear growls angrily.
Found a staircase to the Ecumenical Temple.
The black bear completely misses you. x2; The black bear misses you.
There is a staircase to the Ecumenical Temple here.
The black bear closely misses you.
The black bear claws you but does no damage.
The black bear claws you.
* * * LOW HITPOINT WARNING * * *
The black bear closely misses you. x2; The black bear barely misses you.
You climb downwards.
Welcome to the Ecumenical Temple!
There is a staircase back to the Dungeon here.
Unknown command.
Unknown command.
The black bear completely misses you. The black bear closely misses you.
The black bear claws you.
* * * LOW HITPOINT WARNING * * *
Found a shattered altar of Ashenzari and a blossoming altar of Fedhas.
Here: a black bear The floor.
You feel yourself speed up. The black bear bites you.
You die...

... ... ##.##
##...## #..<..#
##...## ##.##
##..h## #....@#
...............#
_.....#....._..#
......###.......#
....## .##....##
#..# # #..## ..
... ....


You could see a black bear.

Vanquished Creatures
  Pikel (D:5)
  The ghost of WhatIsLove the Shield-Bearer, a novice FoFi of Cheibriados (D:5)
  The ghost of Sharpo the Shield-Bearer, a novice GrFi (D:4)
  Edmund (D:4)
  An ice beast (D:5)
  4 slaves (D:5)
  3 ogres (D:4)
  A big kobold (D:4)
  A bullfrog (D:5)
  A water moccasin zombie (D:5)
  A scorpion (D:6)
  2 howler monkeys
  2 crimson imps
  A water moccasin simulacrum (D:5)
  2 bullfrog skeletons
  A hound (D:4)
  Ijyb (D:4)
  2 iguanas
  5 orc wizards
  3 worker ants
  A centaur simulacrum (D:5)
  A mummy (D:5)
  Robin (D:2)
  9 adders
  A hound simulacrum (D:5)
  2 shadow imps
  A white imp (D:5)
  A worker ant simulacrum (D:5)
  2 worms
  2 dart slugs
  2 leopard geckos
  11 orcs
  A ball python (D:3)
  4 bats
  3 giant cockroaches
  10 goblins
  12 hobgoblins
  10 jackals
  9 kobolds
  5 quokkas
  14 frilled lizards
  2 hobgoblin zombies (D:5)
  A kobold zombie (D:5)
  A leopard gecko simulacrum (D:5)
  An orc zombie (D:5)
  A quokka skeleton (D:4)
  8 rats
151 creatures vanquished.

Vanquished Creatures (others)
  2 orc wizards (D:4)
  A worker ant (D:4)
3 creatures vanquished.

Grand Total: 154 creatures vanquished

Notes
Turn   | Place    | Note
-------+----------+-------------------------------------------
     0 | D:1      | MalarOregon the Merfolk Ice Elementalist began the quest
                  | for the Orb.
     0 | D:1      | Reached XP level 1. HP: 13/13 MP: 3/3
   167 | D:1      | Reached XP level 2. HP: 19/20 MP: 0/5
   239 | D:1      | Learned a level 2 spell: Throw Frost
   326 | D:1      | Reached skill level 3 in Dodging
   675 | D:1      | Reached XP level 3. HP: 22/25 MP: 6/6
   765 | D:1      | Reached skill level 1 in Conjurations
   851 | D:2      | Reached skill level 1 in Fighting
  1312 | D:2      | Reached XP level 4. HP: 32/32 MP: 7/7
  1367 | D:2      | Found a deep blue altar of Sif Muna.
  1701 | D:2      | Noticed Robin
  1723 | D:2      | Killed Robin
  1723 | D:2      | Reached skill level 1 in Armour
  2353 | D:3      | Reached XP level 5. HP: 37/38 MP: 8/8
  2366 | D:3      | Learned a level 3 spell: Ozocubu's Armour
  2486 | D:3      | Reached skill level 4 in Dodging
  2829 | D:3      | Reached skill level 1 in Polearms
  2985 | D:4      | Reached XP level 6. HP: 44/44 MP: 10/10
  3003 | D:4      | Learned a level 4 spell: Throw Icicle
  3022 | D:4      | Noticed Edmund
  3036 | D:4      | Killed Edmund
  3289 | D:4      | Noticed Ijyb
  3574 | D:4      | Found a basalt altar of Yredelemnul.
  3638 | D:3      | Reached XP level 7. HP: 19/51 MP: 7/11
  3951 | D:4      | Found a transporter.
  3958 | D:4      | Found an iron altar of Okawaru.
  3960 | D:4      | Found an ancient bone altar of Kikubaaqudgha.
  4029 | D:4      | Found a transporter.
  4036 | D:4      | Noticed Sharpo's ghost (novice GrFi)
  4162 | D:4      | Found a shimmering altar of Xom.
  4183 | D:4      | Killed Ijyb
  4232 | D:4      | Reached skill level 5 in Dodging
  4495 | D:4      | Found a white marble altar of Elyvilon.
  4590 | D:5      | Entered Level 5 of the Dungeon
  4922 | D:5      | Reached XP level 8. HP: 45/58 MP: 13/13
  4947 | D:5      | Found a runed gate.
  4947 | D:5      | Found a runed gate.
  4947 | D:5      | Found a runed gate.
  5030 | D:5      | Noticed WhatIsLove's ghost (novice FoFi)
  5698 | D:4      | Killed Sharpo's ghost
  5918 | D:4      | Reached skill level 6 in Dodging
  6089 | D:4      | Reached skill level 5 in Polearms
  6342 | D:5      | Killed WhatIsLove's ghost
  6342 | D:5      | Reached XP level 9. HP: 21/66 MP: 2/15
  6437 | D:5      | Reached skill level 5 in Fighting
  6551 | D:6      | Noticed Pikel
  6835 | D:5      | Killed Pikel
  6835 | D:5      | Reached skill level 7 in Dodging
  7080 | D:6      | Got a twisted ring mail
  7084 | D:6      | Noticed Prince Ribbit
  7220 | D:6      | HP: 1/68 [Prince Ribbit (18)]
  7224 | D:6      | Found a staircase to the Ecumenical Temple.
  7232 | D:6      | HP: 3/68 [black bear (2)]
  7233 | Temple   | Entered the Ecumenical Temple
  7237 | Temple   | Slain by a black bear

Skill      XL: |  1  2  3  4  5  6  7  8  9 |
---------------+----------------------------+-----
Dodging        | 3 4 5 6 7 |  7.5
Conjurations   | 1 2 3 4 |  4.2
Fighting       | 1 2 3 4 5 |  5.6
Armour         | 1 2 3 |  3.8
Polearms       | 1 2 3 5 6 |  6.9
Ice Magic      | 4 |  4.0
Spellcasting   | 3 4 |  4.1
Stealth        | |  2.1

Action                   |  1- 3 |  4- 6 |  7- 9 || total
-------------------------+-------+-------+-------++-------
Melee: Dagger            |    20 |       |   233 ||   253
       Whip              |    68 |   185 |    29 ||   282
       Tailslap          |       |       |     2 ||     2
       Spear             |       |       |    37 ||    37
Throw: Throwing net      |       |       |     1 ||     1
 Cast: Freeze            |    14 |     1 |    31 ||    46
       Ozocubu's Armour  |       |     1 |     5 ||     6
       Throw Frost       |       |       |     8 ||     8
  Use: Scroll            |     5 |     4 |     4 ||    13
       Potion            |       |     1 |     5 ||     6
 Stab: Sleeping          |     4 |     4 |     1 ||     9
  Eat: Chunk             |     2 |     6 |    10 ||    18
       Ration            |       |       |     1 ||     1
Armor: Robe              |     4 |       |       ||     4
       Leather armour    |    18 |    70 |    58 ||   146
Dodge: Dodged            |    57 |   174 |   253 ||   484
